Jets vs Kings

Created - den 9 januari 2015 at 17:41

Goals
1 2 3 T
Jets 1 1 1 3
Kings 0 1 0 1
Shots
1 2 3 T
Jets 6 9 12 27
Kings 10 8 5 23

1st period

1. Jets , Viktor Stalberg 3 (Jean-Gabriel Pageau, Sami Vatanen) at 4:43

Penalties :
Robyn Regehr (LAK) for Hooking (Minor) at 6:47, John Erskine (WPG) for Hooking (Minor) at 7:17

2nd period

2. Kings , Dave Bolland 12 (Martin Havlat, Jonathan Huberdeau) at 0:20
3. Jets , Ryan Murphy 3 (Mikkel Boedker, Mike Green) at 19:59

Penalties :
Robyn Regehr (LAK) for Tripping (Minor) at 7:54, Robyn Regehr (LAK) for Roughing (Minor) at 9:55, Brandon Bollig (LAK) for Tripping (Minor) at 16:30, Tuomo Ruutu (WPG) for Slashing (Minor) at 16:30

3rd period

4. Jets , Colton Sceviour 5 (Jordan Eberle, Sean Bergenheim) at 12:50

Penalties :
Seth Jones (LAK) for Hooking (Minor) at 10:43

Goalie Stats

Ray Emery (WPG), 22 saves from 23 shots - (0,957), W, 9-13-4, 60:00 minutes
James Reimer (LAK), 24 saves from 27 shots - (0,889), L, 6-21-9, 60:00 minutes

Players Stats for Jets

Player Name              G  A  P  +/- PIM S  H  SB GA TA FO     MP     PP MP  PK MP  
------------------------------------------------------------------------------------
Colton Sceviour          1  0  1   2  0   3  0  0  0  0  0/0     8:53   0:00   0:00 
Jamie Oleksiak           0  0  0   2  0   0  0  0  0  0  0/0    17:28   0:00   0:20 
Jason Zucker             0  0  0   0  0   1  0  0  0  0  0/1    12:50   0:00   0:00 
Jean-Gabriel Pageau      0  1  1   2  0   1  0  0  0  0  6/8     8:55   0:00   0:00 
Joakim Nordstrom         0  0  0   0  0   0  0  0  0  0  4/11   12:02   0:00   0:00 
John Erskine             0  0  0   1  2   0  4  1  0  0  0/0    20:34   1:30   0:00 
Jordan Eberle            0  1  1  -1  0   3  0  1  0  0  0/1    19:05   2:58   0:30 
Jordan Staal             0  0  0  -1  0   4  0  1  0  0  19/25  22:02   3:29   0:15 
Justin Schultz           0  0  0   0  0   1  0  0  0  0  0/0    22:09   3:15   0:00 
Louis Leblanc            0  0  0   1  0   1  0  0  0  0  4/12   14:19   0:35   0:05 
Mike Green               0  1  1   0  0   2  0  1  0  0  0/0    23:29   3:45   0:16 
Mikkel Boedker           0  1  1   1  0   3  2  1  0  0  2/4    16:32   3:29   0:00 
Ryan Ellis               0  0  0   0  0   0  0  0  0  0  0/0    19:24   2:42   0:00 
Ryan Murphy              1  0  1   1  0   1  1  0  0  0  0/3    17:10   3:29   0:00 
Sami Vatanen             0  1  1   1  0   1  2  0  0  0  0/0    16:33   1:41   0:04 
Sean Bergenheim          0  1  1   0  0   2  0  1  0  0  0/1    15:19   2:58   0:10 
Tuomo Ruutu              0  0  0  -1  2   2  1  0  0  0  2/5    19:02   2:23   0:10 
Viktor Stalberg          1  0  1   2  0   2  0  0  0  0  0/0    10:14   0:00   0:10 

Players Stats for Kings

Player Name              G  A  P  +/- PIM S  H  SB GA TA FO     MP     PP MP  PK MP  
------------------------------------------------------------------------------------
Andrej Meszaros          0  0  0   0  0   0  1  0  0  0  0/0    20:48   0:00   2:48 
Brandon Bollig           0  0  0   0  2   2  1  0  0  0  1/2    12:10   0:00   0:00 
Cam Fowler               0  0  0   0  0   2  0  3  0  0  0/0    23:11   0:30   3:35 
Chris Thorburn           0  0  0   0  0   2  1  0  0  0  1/1    11:04   0:00   0:14 
Dany Heatley             0  0  0  -1  0   1  1  0  0  0  1/1    12:57   0:00   0:31 
Dave Bolland             1  0  1  -1  0   4  2  0  0  0  5/16   17:00   0:10   2:30 
Elias Lindholm           0  0  0   0  0   1  0  0  0  0  7/13   14:43   0:20   2:02 
Erik Gudbranson          0  0  0  -1  0   0  5  1  0  0  0/0    16:27   0:00   1:10 
Jonathan Huberdeau       0  1  1  -1  0   3  3  0  0  0  0/4    16:27   0:10   0:00 
Kyle Brodziak            0  0  0   0  0   5  0  0  0  0  7/10   12:11   0:00   0:00 
Mark Scheifele           0  0  0  -1  0   0  2  1  0  0  6/15   14:05   0:20   0:00 
Martin Havlat            0  1  1  -1  0   1  1  0  0  0  3/5    19:33   0:10   3:18 
Robyn Regehr             0  0  0   0  6   1  5  2  0  0  0/0    21:12   0:30   1:00 
Seth Jones               0  0  0  -1  2   1  4  3  0  0  0/0    20:29   0:00   2:07 
Steve Bernier            0  0  0   0  0   0  0  0  0  0  0/1    15:10   0:00   2:47 
Tyler Kennedy            0  0  0   0  0   0  4  0  0  0  2/2    12:47   0:00   1:57 
Yannick Weber            0  0  0  -2  0   0  0  0  0  0  0/0    17:12   0:00   1:49 
Zack Kassian             0  0  0  -1  0   0  1  0  0  0  1/1    12:34   0:20   0:00 

3 Stars

1 - Ray Emery (WPG)
2 - Colton Sceviour (WPG)
3 - Viktor Stalberg (WPG)

Power Play

Jets - 0 on 4 Attempt(s) - 0,00%
Kings - 0 on 1 Attempt(s) - 0,00%

Penalty Kill

Jets - 1 on 1 Attempt(s) - 100,00% - Score 0 goal in Penalty Kill
Kings - 4 on 4 Attempt(s) - 100,00% - Score 0 goal in Penalty Kill

Team Stat

Jets - Hits : 10 - Faceoff Wins : 37 - Blocked Shots : 6 - Penalty Minutes : 4
Kings - Hits : 31 - Faceoff Wins : 34 - Blocked Shots : 10 - Penalty Minutes : 10

Official

Referees : Derek Zalaski and Jeff Smith
Linesman : Jud Ritter and Brad Duncan

Game Notes

No Game Note

Finance

Level 1 -- Attendance: 4470 (74,02%) -- Ticket Income 438.060 kr
Level 2 -- Attendance: 3860 (76,69%) -- Ticket Income 223.880 kr
Level 3 -- Attendance: 1313 (65,23%) -- Ticket Income 44.642 kr
Level 4 -- Attendance: 3019 (74,99%) -- Ticket Income 66.418 kr
Luxury Box -- Attendance: 896 (88,98%) -- Ticket Income 168.448 kr
Game was played at the Staples Center'
Total Attendance: 13558 (74,83%)
Total Ticket Income: 941.448 kr
Other Income: 461.310 kr
Total Income: 1.402.758 kr

Jets

5 vs 5 Forward 
   Center                   Left Wing                Right Wing               Time % Phy DF OF 
 1 Jordan Staal             Tuomo Ruutu              Jordan Eberle            40     1   2  2  
 2 Louis Leblanc            Mikkel Boedker           Ryan Murphy              30     1   2  2  
 3 Joakim Nordstrom         Jason Zucker             Sean Bergenheim          20     1   2  2  
 4 Jean-Gabriel Pageau      Viktor Stalberg          Colton Sceviour          10     1   2  2  

5 vs 5 Defense 
   Defense                  Defense                                           Time % Phy DF OF 
 1 Mike Green               John Erskine                                      40     1   2  2  
 2 Ryan Ellis               Justin Schultz                                    30     1   2  2  
 3 Jamie Oleksiak           Sami Vatanen                                      20     1   2  2  
 4 Jamie Oleksiak           John Erskine                                      10     1   2  2  

PowerPlay Forward 
   Center                   Left Wing                Right Wing               Time % Phy DF OF 
 1 Jordan Staal             Ryan Murphy              Mikkel Boedker           60     1   2  2  
 2 Tuomo Ruutu              Sean Bergenheim          Jordan Eberle            40     1   2  2  

PowerPlay Defense
   Defense                  Defense                                           Time % Phy DF OF 
 1 Justin Schultz           Mike Green                                        60     1   2  2  
 2 Sami Vatanen             Ryan Ellis                                        40     1   2  2  

Penalty Kill 4 Players Forward 
   Center                   Wing                     Time % Phy DF OF 
 1 Jordan Staal             Jordan Eberle            60     1   2  2  
 2 Joakim Nordstrom         Jean-Gabriel Pageau      40     1   2  2  

Penalty Kill 4 Players Defense
   Defense                  Defense                  Time % Phy DF OF 
 1 John Erskine             Jamie Oleksiak           60     1   2  2  
 2 Ryan Ellis               Mike Green               40     1   2  2  

Penalty Kill - 3 Players Forward 
   Forward                                           Time % Phy DF OF 
 1 Jean-Gabriel Pageau                               60     1   2  2  
 2 Jordan Staal                                      40     1   2  2  

Penalty Kill - 3 Players Defense
   Defense                  Defense                  Time % Phy DF OF 
 1 John Erskine             Jamie Oleksiak           60     1   2  2  
 2 Ryan Ellis               Mike Green               40     1   2  2  

4 vs 4 Forward 
   Center                   Wing                     Time % Phy DF OF 
 1 Jordan Staal             Tuomo Ruutu              60     1   2  2  
 2 Louis Leblanc            Ryan Murphy              40     1   2  2  

4 vs 4 Defense
   Defense                  Defense                  Time % Phy DF OF 
 1 John Erskine             Jamie Oleksiak           60     1   2  2  
 2 Mike Green               Justin Schultz           40     1   2  2  

Last Minutes Offensive
   Center                   Left Wing                Right Wing               Defense                  Defense                  
   Jordan Staal             Mikkel Boedker           Tuomo Ruutu              Justin Schultz           Mike Green               

Last Minutes Defensive
   Center                   Left Wing                Right Wing               Defense                  Defense                  
   Jordan Staal             Jason Zucker             Tuomo Ruutu              Mike Green               John Erskine             

Goaltenders
Starting : Ray Emery                
Backup : Vitek Vanecek            

Extra Forwards
Normal : Tuomo Ruutu, Jordan Staal, Jason Zucker - PP : Jordan Eberle, Tuomo Ruutu - PK : Jordan Staal
Extra Defensemen
Normal : Ryan Ellis, Jamie Oleksiak, Justin Schultz - PP : Jamie Oleksiak - PK : Justin Schultz, Sami Vatanen
Penalty Shots
Ryan Ellis, Mikkel Boedker, Jordan Eberle, Ryan Murphy, Jordan Staal

Kings

5 vs 5 Forward 
   Center                   Left Wing                Right Wing               Time % Phy DF OF 
 1 Dave Bolland             Jonathan Huberdeau       Martin Havlat            30     1   2  2  
 2 Mark Scheifele           Dany Heatley             Zack Kassian             25     1   2  2  
 3 Kyle Brodziak            Brandon Bollig           Steve Bernier            23     1   2  2  
 4 Elias Lindholm           Chris Thorburn           Tyler Kennedy            22     1   2  2  

5 vs 5 Defense 
   Defense                  Defense                                           Time % Phy DF OF 
 1 Robyn Regehr             Andrej Meszaros                                   40     1   2  2  
 2 Seth Jones               Cam Fowler                                        30     1   2  2  
 3 Erik Gudbranson          Yannick Weber                                     20     1   2  2  
 4 Robyn Regehr             Cam Fowler                                        10     1   2  2  

PowerPlay Forward 
   Center                   Left Wing                Right Wing               Time % Phy DF OF 
 1 Dave Bolland             Jonathan Huberdeau       Martin Havlat            60     1   2  2  
 2 Mark Scheifele           Elias Lindholm           Zack Kassian             40     1   2  2  

PowerPlay Defense
   Defense                  Defense                                           Time % Phy DF OF 
 1 Robyn Regehr             Cam Fowler                                        60     1   2  2  
 2 Seth Jones               Andrej Meszaros                                   40     1   2  2  

Penalty Kill 4 Players Forward 
   Center                   Wing                     Time % Phy DF OF 
 1 Martin Havlat            Steve Bernier            60     1   2  2  
 2 Dave Bolland             Tyler Kennedy            40     1   2  2  

Penalty Kill 4 Players Defense
   Defense                  Defense                  Time % Phy DF OF 
 1 Cam Fowler               Andrej Meszaros          60     1   2  2  
 2 Seth Jones               Robyn Regehr             40     1   2  2  

Penalty Kill - 3 Players Forward 
   Forward                                           Time % Phy DF OF 
 1 Dave Bolland                                      60     1   2  2  
 2 Martin Havlat                                     40     1   2  2  

Penalty Kill - 3 Players Defense
   Defense                  Defense                  Time % Phy DF OF 
 1 Robyn Regehr             Cam Fowler               60     1   2  2  
 2 Seth Jones               Erik Gudbranson          40     1   2  2  

4 vs 4 Forward 
   Center                   Wing                     Time % Phy DF OF 
 1 Jonathan Huberdeau       Martin Havlat            60     1   2  2  
 2 Mark Scheifele           Elias Lindholm           40     1   2  2  

4 vs 4 Defense
   Defense                  Defense                  Time % Phy DF OF 
 1 Robyn Regehr             Andrej Meszaros          60     1   2  2  
 2 Seth Jones               Cam Fowler               40     1   2  2  

Last Minutes Offensive
   Center                   Left Wing                Right Wing               Defense                  Defense                  
   Jonathan Huberdeau       Dany Heatley             Martin Havlat            Robyn Regehr             Andrej Meszaros          

Last Minutes Defensive
   Center                   Left Wing                Right Wing               Defense                  Defense                  
   Kyle Brodziak            Dany Heatley             Martin Havlat            Robyn Regehr             Andrej Meszaros          

Goaltenders
Starting : James Reimer             
Backup : Jake Allen               

Extra Forwards
Normal : Steve Bernier, Martin Havlat, Elias Lindholm - PP : Steve Bernier, Martin Havlat - PK : Elias Lindholm
Extra Defensemen
Normal : Robyn Regehr, Cam Fowler, Seth Jones - PP : Seth Jones - PK : Robyn Regehr, Seth Jones
Penalty Shots
Elias Lindholm, Martin Havlat, Steve Bernier, Jonathan Huberdeau, Dave Bolland

% Time on Ice - Jets

Lines # - Real PCT - Wanted PCT - Time Play
Normal Forward
1 - 31% - 40% - 15:37
2 - 26% - 30% - 13:03
3 - 24% - 20% - 12:02
4 - 18% - 10% - 8:53
Normal Defense
1 - 34% - 40% - 16:52
2 - 34% - 30% - 16:55
3 - 29% - 20% - 14:12
4 - 3% - 10% - 1:36
PP Forward
1 - 54% - 60% - 3:29
2 - 46% - 40% - 2:58
PP Defense
1 - 58% - 60% - 3:45
2 - 42% - 40% - 2:42
PK Forward
1 - 100% - 60% - 0:30
2 - 0% - 40% - 0:00
PK Defense
1 - 100% - 60% - 0:30
2 - 0% - 40% - 0:00
PK3 Forward
1 - 0% - 60%
2 - 0% - 40%
PK3 Defense
1 - 0% - 60%
2 - 0% - 40%
44 Forward
1 - 83% - 60% - 2:52
2 - 17% - 40% - 0:36
44 Defense
1 - 72% - 60% - 2:29
2 - 28% - 40% - 0:59
Last Minute Offensive  - 0:00
Last Minute Defensive  - 0:00
Total
Forward - 60:00
Defense - 60:00

% Time on Ice - Kings

Lines # - Real PCT - Wanted PCT - Time Play
Normal Forward
1 - 29% - 30% - 14:20
2 - 25% - 25% - 12:14
3 - 25% - 23% - 12:11
4 - 22% - 22% - 10:50
Normal Defense
1 - 35% - 40% - 17:09
2 - 34% - 30% - 16:41
3 - 29% - 20% - 14:27
4 - 3% - 10% - 1:18
PP Forward
1 - 33% - 60% - 0:10
2 - 67% - 40% - 0:20
PP Defense
1 - 100% - 60% - 0:30
2 - 0% - 40% - 0:00
PK Forward
1 - 70% - 60% - 4:30
2 - 30% - 40% - 1:57
PK Defense
1 - 20% - 60% - 1:19
2 - 80% - 40% - 5:08
PK3 Forward
1 - 0% - 60%
2 - 0% - 40%
PK3 Defense
1 - 0% - 60%
2 - 0% - 40%
44 Forward
1 - 56% - 60% - 1:57
2 - 44% - 40% - 1:31
44 Defense
1 - 71% - 60% - 2:27
2 - 29% - 40% - 1:01
Last Minute Offensive  - 0:00
Last Minute Defensive  - 0:00
Total
Forward - 60:00
Defense - 60:00

Play by Play

1st period


0:01 of 1st period - Jordan Staal wins face-off versus Jonathan Huberdeau in neutral zone.
0:18 of 1st period - Icing by John Erskine.
0:19 of 1st period - Mark Scheifele wins face-off versus Jordan Eberle in Jets zone.
1:21 of 1st period - Shot by Kyle Brodziak.
1:21 of 1st period - Stopped by Ray Emery without a rebound.
1:22 of 1st period - Elias Lindholm wins face-off versus Joakim Nordstrom in Jets zone.
1:42 of 1st period - Sami Vatanen is hit by Tyler Kennedy and loses puck.
2:45 of 1st period - Shot by Ryan Murphy.
2:45 of 1st period - Deflect By Mikkel Boedker.
2:45 of 1st period - Stopped by James Reimer without a rebound.
2:46 of 1st period - Jean-Gabriel Pageau wins face-off versus Kyle Brodziak in Kings zone.
3:44 of 1st period - Shot by Mark Scheifele.
3:44 of 1st period - Shot Blocked by Jordan Eberle.
4:37 of 1st period - Shot by Mikkel Boedker.
4:37 of 1st period - Stopped by James Reimer without a rebound.
4:38 of 1st period - Jean-Gabriel Pageau wins face-off versus Dave Bolland in Kings zone.
4:38 of 1st period - Sami Vatanen is hit by Erik Gudbranson and loses puck.
4:43 of 1st period - Shot by Viktor Stalberg.
4:43 of 1st period - Goal by Viktor Stalberg - Jets : 1 - Kings : 0.
4:44 of 1st period - Elias Lindholm wins face-off versus Joakim Nordstrom in neutral zone.
5:13 of 1st period - Shot by Chris Thorburn.
5:13 of 1st period - Deflect By Elias Lindholm.
5:13 of 1st period - Shot Misses the Net.
6:33 of 1st period - Kyle Brodziak is hit by Sami Vatanen and loses puck.
6:39 of 1st period - Steve Bernier is hit by Sami Vatanen and loses puck.
6:47 of 1st period - Minor Penalty to Robyn Regehr for Hooking.
6:48 of 1st period - Jordan Staal wins face-off versus Steve Bernier in Kings zone.
7:09 of 1st period - Shot by Steve Bernier.
7:09 of 1st period - Deflect By Dave Bolland.
7:09 of 1st period - Stopped by Ray Emery with a rebound.
7:17 of 1st period - Minor Penalty to John Erskine for Hooking.
7:18 of 1st period - Jordan Staal wins face-off versus Jonathan Huberdeau in Jets zone.
7:58 of 1st period - Icing by Jordan Staal.
7:59 of 1st period - Jordan Staal wins face-off versus Elias Lindholm in Jets zone.
8:52 of 1st period - Shot by Robyn Regehr.
8:52 of 1st period - Shot Blocked by Sean Bergenheim.
8:54 of 1st period - Shot by Martin Havlat.
8:54 of 1st period - Stopped by Ray Emery with a rebound.
8:56 of 1st period - Shot by Robyn Regehr.
8:56 of 1st period - Stopped by Ray Emery without a rebound.
8:57 of 1st period - Mark Scheifele wins face-off versus Louis Leblanc in Jets zone.
9:01 of 1st period - Shot by Cam Fowler.
9:01 of 1st period - Stopped by Ray Emery without a rebound.
9:02 of 1st period - Jordan Staal wins face-off versus Elias Lindholm in Jets zone.
9:33 of 1st period - Icing by Yannick Weber.
9:34 of 1st period - Kyle Brodziak wins face-off versus Louis Leblanc in Kings zone.
9:53 of 1st period - Shot by Kyle Brodziak.
9:53 of 1st period - Stopped by Ray Emery without a rebound.
9:54 of 1st period - Jean-Gabriel Pageau wins face-off versus Dave Bolland in Jets zone.
9:54 of 1st period - Viktor Stalberg is hit by Martin Havlat and loses puck.
10:03 of 1st period - Shot by Martin Havlat.
10:03 of 1st period - Shot Misses the Net.
10:13 of 1st period - Shot by Jonathan Huberdeau.
10:13 of 1st period - Stopped by Ray Emery without a rebound.
10:14 of 1st period - Jordan Staal wins face-off versus Elias Lindholm in Jets zone.
10:14 of 1st period - Jordan Staal is hit by Tyler Kennedy.
10:44 of 1st period - Icing by Jordan Eberle.
10:45 of 1st period - Dave Bolland wins face-off versus Jordan Staal in Jets zone.
12:38 of 1st period - Shot by Chris Thorburn.
12:38 of 1st period - Deflect By Tyler Kennedy.
12:38 of 1st period - Shot Misses the Net.
13:59 of 1st period - Shot by Dave Bolland.
13:59 of 1st period - Shot Misses the Net.
14:01 of 1st period - Shot by Yannick Weber.
14:01 of 1st period - Shot Misses the Net.
14:19 of 1st period - Shot by Jonathan Huberdeau.
14:19 of 1st period - Stopped by Ray Emery without a rebound.
14:20 of 1st period - Mark Scheifele wins face-off versus Jordan Staal in Jets zone.
14:29 of 1st period - Shot by Dany Heatley.
14:29 of 1st period - Shot Misses the Net.
15:12 of 1st period - Dave Bolland is hit by John Erskine and loses puck.
15:15 of 1st period - Shot by Erik Gudbranson.
15:15 of 1st period - Shot Blocked by Mike Green.
15:17 of 1st period - Shot by Dave Bolland.
15:17 of 1st period - Shot Misses the Net.
15:19 of 1st period - Shot by Dave Bolland.
15:19 of 1st period - Stopped by Ray Emery without a rebound.
15:20 of 1st period - Kyle Brodziak wins face-off versus Ryan Murphy in Jets zone.
15:21 of 1st period - Shot by Brandon Bollig.
15:21 of 1st period - Stopped by Ray Emery with a rebound.
16:05 of 1st period - Ryan Murphy is hit by Chris Thorburn and loses puck.
16:15 of 1st period - Off-side.
16:16 of 1st period - Jordan Staal wins face-off versus Dave Bolland in neutral zone.
17:31 of 1st period - Colton Sceviour is hit by Robyn Regehr and loses puck.
17:38 of 1st period - Shot by Jean-Gabriel Pageau.
17:38 of 1st period - Shot Blocked by Mark Scheifele.
17:56 of 1st period - Shot by Sean Bergenheim.
17:56 of 1st period - Stopped by James Reimer with a rebound.
18:06 of 1st period - Shot by Mike Green.
18:06 of 1st period - Stopped by James Reimer without a rebound.
18:07 of 1st period - Kyle Brodziak wins face-off versus Louis Leblanc in Kings zone.
18:43 of 1st period - Icing by Cam Fowler.
18:44 of 1st period - Brandon Bollig wins face-off versus Joakim Nordstrom in Kings zone.
18:54 of 1st period - Icing by Seth Jones.
18:55 of 1st period - Jordan Staal wins face-off versus Brandon Bollig in Kings zone.
19:06 of 1st period - Shot by Jordan Eberle.
19:06 of 1st period - Shot Misses the Net.
19:12 of 1st period - Shot by Jordan Eberle.
19:12 of 1st period - Stopped by James Reimer without a rebound.
19:13 of 1st period - Dave Bolland wins face-off versus Joakim Nordstrom in Kings zone.
19:46 of 1st period - Shot by Dave Bolland.
19:46 of 1st period - Deflect By Jonathan Huberdeau.
19:46 of 1st period - Shot Misses the Net.
Goals for this period are 1 for Jets vs 0 for Kings.
Shots for this period are 6 for Jets vs 10 for Kings.

2nd period


0:01 of 2nd period - Jordan Staal wins face-off versus Dave Bolland in neutral zone.
0:03 of 2nd period - Mike Green is hit by Dave Bolland and loses puck.
0:18 of 2nd period - Shot by Dave Bolland.
0:18 of 2nd period - Stopped by Ray Emery with a rebound.
0:20 of 2nd period - Shot by Dave Bolland.
0:20 of 2nd period - Goal by Dave Bolland - Jets : 1 - Kings : 1.
0:21 of 2nd period - Elias Lindholm wins face-off versus Louis Leblanc in neutral zone.
0:27 of 2nd period - Justin Schultz is hit by Tyler Kennedy and loses puck.
0:32 of 2nd period - Cam Fowler is hit by Ryan Murphy and loses puck.
1:04 of 2nd period - Icing by Seth Jones.
1:05 of 2nd period - Tuomo Ruutu wins face-off versus Elias Lindholm in Kings zone.
1:10 of 2nd period - Shot by Jordan Eberle.
1:10 of 2nd period - Shot Blocked by Seth Jones.
1:12 of 2nd period - Shot by John Erskine.
1:12 of 2nd period - Shot Blocked by Seth Jones.
1:14 of 2nd period - Shot by Tuomo Ruutu.
1:14 of 2nd period - Stopped by James Reimer with a rebound.
1:16 of 2nd period - Shot by Mike Green.
1:16 of 2nd period - Shot Blocked by Cam Fowler.
1:24 of 2nd period - Shot by Jordan Eberle.
1:24 of 2nd period - Shot Blocked by Cam Fowler.
1:26 of 2nd period - Shot by Jordan Staal.
1:26 of 2nd period - Stopped by James Reimer without a rebound.
1:27 of 2nd period - Mark Scheifele wins face-off versus Jean-Gabriel Pageau in Kings zone.
1:47 of 2nd period - Shot by Dany Heatley.
1:47 of 2nd period - Stopped by Ray Emery without a rebound.
1:48 of 2nd period - Jordan Staal wins face-off versus Dave Bolland in Jets zone.
1:48 of 2nd period - Jordan Staal is hit by Jonathan Huberdeau.
2:35 of 2nd period - Mike Green is hit by Jonathan Huberdeau and loses puck.
2:45 of 2nd period - Icing by Erik Gudbranson.
2:46 of 2nd period - Dave Bolland wins face-off versus Louis Leblanc in Kings zone.
2:51 of 2nd period - Martin Havlat is hit by Mikkel Boedker and loses puck.
3:05 of 2nd period - Off-side.
3:06 of 2nd period - Joakim Nordstrom wins face-off versus Mark Scheifele in neutral zone.
3:06 of 2nd period - Sami Vatanen is hit by Dany Heatley and loses puck.
3:20 of 2nd period - Joakim Nordstrom is hit by Robyn Regehr and loses puck.
3:29 of 2nd period - Joakim Nordstrom is hit by Robyn Regehr.
3:31 of 2nd period - Shot by Sean Bergenheim.
3:31 of 2nd period - Stopped by James Reimer without a rebound.
3:32 of 2nd period - Kyle Brodziak wins face-off versus Mikkel Boedker in Kings zone.
5:26 of 2nd period - Zack Kassian is hit by John Erskine and loses puck.
6:01 of 2nd period - Jean-Gabriel Pageau is hit by Dave Bolland and loses puck.
6:13 of 2nd period - Shot by Colton Sceviour.
6:13 of 2nd period - Stopped by James Reimer with a rebound.
6:49 of 2nd period - Shot by Brandon Bollig.
6:49 of 2nd period - Shot Misses the Net.
6:51 of 2nd period - Shot by Kyle Brodziak.
6:51 of 2nd period - Stopped by Ray Emery without a rebound.
6:52 of 2nd period - Zack Kassian wins face-off versus Louis Leblanc in Jets zone.
7:54 of 2nd period - Minor Penalty to Robyn Regehr for Tripping.
7:55 of 2nd period - Martin Havlat wins face-off versus Tuomo Ruutu in Kings zone.
9:15 of 2nd period - Icing by Mikkel Boedker.
9:16 of 2nd period - Elias Lindholm wins face-off versus Jordan Staal in Jets zone.
9:22 of 2nd period - Icing by Mikkel Boedker.
9:23 of 2nd period - Jordan Staal wins face-off versus Martin Havlat in Jets zone.
9:55 of 2nd period - Minor Penalty to Robyn Regehr for Roughing.
9:56 of 2nd period - Tuomo Ruutu wins face-off versus Martin Havlat in Kings zone.
10:53 of 2nd period - Shot by Ryan Ellis.
10:53 of 2nd period - Shot Misses the Net.
11:30 of 2nd period - Icing by Jordan Eberle.
11:31 of 2nd period - Elias Lindholm wins face-off versus Sean Bergenheim in Jets zone.
12:55 of 2nd period - Shot by Jordan Staal.
12:55 of 2nd period - Stopped by James Reimer without a rebound.
12:56 of 2nd period - Joakim Nordstrom wins face-off versus Dave Bolland in Kings zone.
13:46 of 2nd period - Shot by Brandon Bollig.
13:46 of 2nd period - Deflect By Kyle Brodziak.
13:46 of 2nd period - Stopped by Ray Emery with a rebound.
14:19 of 2nd period - Icing by Jordan Eberle.
14:20 of 2nd period - Jordan Staal wins face-off versus Mark Scheifele in Jets zone.
14:20 of 2nd period - Jordan Staal is hit by Mark Scheifele.
14:25 of 2nd period - Off-side.
14:26 of 2nd period - Louis Leblanc wins face-off versus Mark Scheifele in neutral zone.
14:40 of 2nd period - Shot by Mikkel Boedker.
14:40 of 2nd period - Shot Misses the Net.
15:10 of 2nd period - Mike Green is hit by Mark Scheifele and loses puck.
15:39 of 2nd period - Shot by Tyler Kennedy.
15:39 of 2nd period - Deflect By Chris Thorburn.
15:39 of 2nd period - Stopped by Ray Emery without a rebound.
15:40 of 2nd period - Joakim Nordstrom wins face-off versus Dave Bolland in Jets zone.
16:11 of 2nd period - Shot by Martin Havlat.
16:11 of 2nd period - Shot Misses the Net.
16:13 of 2nd period - Shot by Dave Bolland.
16:13 of 2nd period - Shot Misses the Net.
16:30 of 2nd period - Minor Penalty to Brandon Bollig for Tripping.
16:30 of 2nd period - Minor Penalty to Tuomo Ruutu for Slashing.
16:31 of 2nd period - Jordan Staal wins face-off versus Jonathan Huberdeau in neutral zone.
16:52 of 2nd period - Shot by Viktor Stalberg.
16:52 of 2nd period - Stopped by James Reimer without a rebound.
16:53 of 2nd period - Jordan Staal wins face-off versus Mark Scheifele in Kings zone.
17:03 of 2nd period - Off-side.
17:04 of 2nd period - Jordan Staal wins face-off versus Jonathan Huberdeau in neutral zone.
17:23 of 2nd period - Shot by Jordan Staal.
17:23 of 2nd period - Shot Misses the Net.
17:32 of 2nd period - Martin Havlat is hit by John Erskine and loses puck.
17:50 of 2nd period - Shot by Sean Bergenheim.
17:50 of 2nd period - Deflect By Jason Zucker.
17:50 of 2nd period - Stopped by James Reimer without a rebound.
17:51 of 2nd period - Jordan Staal wins face-off versus Mark Scheifele in Kings zone.
18:00 of 2nd period - Shot by Jordan Staal.
18:00 of 2nd period - Shot Misses the Net.
18:02 of 2nd period - Shot by Jordan Staal.
18:02 of 2nd period - Stopped by James Reimer without a rebound.
18:03 of 2nd period - Mark Scheifele wins face-off versus Jason Zucker in Kings zone.
19:02 of 2nd period - Shot by Kyle Brodziak.
19:02 of 2nd period - Deflect By Brandon Bollig.
19:02 of 2nd period - Stopped by Ray Emery without a rebound.
19:03 of 2nd period - Jean-Gabriel Pageau wins face-off versus Mark Scheifele in Jets zone.
19:03 of 2nd period - Jean-Gabriel Pageau is hit by Zack Kassian.
19:14 of 2nd period - Off-side.
19:15 of 2nd period - Tyler Kennedy wins face-off versus Joakim Nordstrom in neutral zone.
19:27 of 2nd period - Shot by Chris Thorburn.
19:27 of 2nd period - Deflect By Elias Lindholm.
19:27 of 2nd period - Stopped by Ray Emery without a rebound.
19:28 of 2nd period - Dave Bolland wins face-off versus Louis Leblanc in Jets zone.
19:29 of 2nd period - Shot by Martin Havlat.
19:29 of 2nd period - Shot Blocked by John Erskine.
19:59 of 2nd period - Shot by Ryan Murphy.
19:59 of 2nd period - Goal by Ryan Murphy - Jets : 2 - Kings : 1.
Goals for this period are 1 for Jets vs 1 for Kings.
Shots for this period are 9 for Jets vs 8 for Kings.

3rd period


0:01 of 3rd period - Jordan Staal wins face-off versus Dave Bolland in neutral zone.
0:09 of 3rd period - Off-side.
0:10 of 3rd period - Elias Lindholm wins face-off versus Louis Leblanc in neutral zone.
0:29 of 3rd period - Shot by Chris Thorburn.
0:29 of 3rd period - Stopped by Ray Emery without a rebound.
0:30 of 3rd period - Jordan Staal wins face-off versus Dave Bolland in Jets zone.
0:30 of 3rd period - Jordan Staal is hit by Jonathan Huberdeau.
0:43 of 3rd period - Jordan Staal is hit by Robyn Regehr.
0:54 of 3rd period - Jordan Staal is hit by Andrej Meszaros and loses puck.
2:40 of 3rd period - Mark Scheifele is hit by John Erskine and loses puck.
3:02 of 3rd period - Colton Sceviour is hit by Seth Jones and loses puck.
3:06 of 3rd period - Icing by Cam Fowler.
3:07 of 3rd period - Jordan Staal wins face-off versus Mark Scheifele in Kings zone.
3:07 of 3rd period - Jordan Staal is hit by Seth Jones.
3:24 of 3rd period - Off-side.
3:25 of 3rd period - Mikkel Boedker wins face-off versus Kyle Brodziak in neutral zone.
3:25 of 3rd period - Mikkel Boedker is hit by Brandon Bollig.
3:29 of 3rd period - Shot by Mikkel Boedker.
3:29 of 3rd period - Stopped by James Reimer without a rebound.
3:30 of 3rd period - Kyle Brodziak wins face-off versus Jordan Staal in Kings zone.
3:47 of 3rd period - Kyle Brodziak is hit by Tuomo Ruutu and loses puck.
4:04 of 3rd period - Shot by Jordan Staal.
4:04 of 3rd period - Shot Misses the Net.
4:06 of 3rd period - Shot by Jordan Staal.
4:06 of 3rd period - Stopped by James Reimer with a rebound.
5:37 of 3rd period - Icing by Andrej Meszaros.
5:38 of 3rd period - Dany Heatley wins face-off versus Tuomo Ruutu in Kings zone.
5:47 of 3rd period - Shot by Jordan Staal.
5:47 of 3rd period - Shot Blocked by Robyn Regehr.
5:49 of 3rd period - Shot by Jordan Staal.
5:49 of 3rd period - Shot Misses the Net.
6:09 of 3rd period - Shot by Jordan Eberle.
6:09 of 3rd period - Deflect By Tuomo Ruutu.
6:09 of 3rd period - Stopped by James Reimer without a rebound.
6:10 of 3rd period - Louis Leblanc wins face-off versus Elias Lindholm in Kings zone.
6:30 of 3rd period - Icing by Cam Fowler.
6:31 of 3rd period - Chris Thorburn wins face-off versus Jean-Gabriel Pageau in Kings zone.
7:27 of 3rd period - Shot by Jordan Staal.
7:27 of 3rd period - Shot Blocked by Erik Gudbranson.
7:36 of 3rd period - Off-side.
7:37 of 3rd period - Louis Leblanc wins face-off versus Kyle Brodziak in neutral zone.
7:44 of 3rd period - Shot by Steve Bernier.
7:44 of 3rd period - Shot Blocked by Mikkel Boedker.
8:01 of 3rd period - Louis Leblanc is hit by Erik Gudbranson and loses puck.
8:41 of 3rd period - Jordan Eberle is hit by Erik Gudbranson and loses puck.
9:40 of 3rd period - Shot by Martin Havlat.
9:40 of 3rd period - Deflect By Dave Bolland.
9:40 of 3rd period - Shot Misses the Net.
10:02 of 3rd period - Shot by Viktor Stalberg.
10:02 of 3rd period - Shot Blocked by Cam Fowler.
10:10 of 3rd period - Shot by Jean-Gabriel Pageau.
10:10 of 3rd period - Stopped by James Reimer without a rebound.
10:11 of 3rd period - Tyler Kennedy wins face-off versus Ryan Murphy in Kings zone.
10:28 of 3rd period - Shot by Mikkel Boedker.
10:28 of 3rd period - Deflect By Louis Leblanc.
10:28 of 3rd period - Stopped by James Reimer without a rebound.
10:29 of 3rd period - Jean-Gabriel Pageau wins face-off versus Mark Scheifele in Kings zone.
10:29 of 3rd period - Mike Green is hit by Seth Jones and loses puck.
10:43 of 3rd period - Minor Penalty to Seth Jones for Hooking.
10:44 of 3rd period - Martin Havlat wins face-off versus Ryan Murphy in Kings zone.
11:03 of 3rd period - Shot by Jordan Staal.
11:03 of 3rd period - Shot Blocked by Robyn Regehr.
11:05 of 3rd period - Shot by Justin Schultz.
11:05 of 3rd period - Stopped by James Reimer with a rebound.
11:07 of 3rd period - Shot by Mike Green.
11:07 of 3rd period - Stopped by James Reimer without a rebound.
11:08 of 3rd period - Martin Havlat wins face-off versus Tuomo Ruutu in Kings zone.
11:23 of 3rd period - Shot by Sami Vatanen.
11:23 of 3rd period - Stopped by James Reimer with a rebound.
11:37 of 3rd period - Ryan Ellis is hit by Tyler Kennedy and loses puck.
12:50 of 3rd period - Shot by Colton Sceviour.
12:50 of 3rd period - Goal by Colton Sceviour - Jets : 3 - Kings : 1.
12:51 of 3rd period - Jean-Gabriel Pageau wins face-off versus Mark Scheifele in neutral zone.
13:01 of 3rd period - Jean-Gabriel Pageau is hit by Seth Jones and loses puck.
13:10 of 3rd period - Shot by Colton Sceviour.
13:10 of 3rd period - Stopped by James Reimer without a rebound.
13:11 of 3rd period - Elias Lindholm wins face-off versus Joakim Nordstrom in Kings zone.
13:40 of 3rd period - Shot by Tyler Kennedy.
13:40 of 3rd period - Shot Misses the Net.
14:22 of 3rd period - Shot by Kyle Brodziak.
14:22 of 3rd period - Shot Hit the Post.
14:24 of 3rd period - Shot by Cam Fowler.
14:24 of 3rd period - Stopped by Ray Emery without a rebound.
14:25 of 3rd period - Louis Leblanc wins face-off versus Dave Bolland in Jets zone.
14:30 of 3rd period - Andrej Meszaros is hit by Mikkel Boedker and loses puck.
15:01 of 3rd period - Icing by Sami Vatanen.
15:02 of 3rd period - Kyle Brodziak wins face-off versus Mikkel Boedker in Jets zone.
15:05 of 3rd period - Shot by Kyle Brodziak.
15:05 of 3rd period - Stopped by Ray Emery without a rebound.
15:06 of 3rd period - Kyle Brodziak wins face-off versus Jordan Staal in Jets zone.
15:21 of 3rd period - Shot by Jordan Staal.
15:21 of 3rd period - Shot Misses the Net.
15:39 of 3rd period - Shot by Jordan Staal.
15:39 of 3rd period - Shot Hit the Post.
15:43 of 3rd period - Shot by Jordan Eberle.
15:43 of 3rd period - Shot Blocked by Seth Jones.
16:23 of 3rd period - Icing by Ryan Ellis.
16:24 of 3rd period - Dave Bolland wins face-off versus Joakim Nordstrom in Jets zone.
16:25 of 3rd period - Shot by Jonathan Huberdeau.
16:25 of 3rd period - Stopped by Ray Emery without a rebound.
16:26 of 3rd period - Mikkel Boedker wins face-off versus Dave Bolland in Jets zone.
16:48 of 3rd period - Louis Leblanc is hit by Erik Gudbranson and loses puck.
16:58 of 3rd period - Mikkel Boedker is hit by Erik Gudbranson and loses puck.
17:30 of 3rd period - Shot by Jordan Eberle.
17:30 of 3rd period - Stopped by James Reimer with a rebound.
17:32 of 3rd period - Shot by Mike Green.
17:32 of 3rd period - Shot Misses the Net.
17:40 of 3rd period - Shot by Jordan Eberle.
17:40 of 3rd period - Stopped by James Reimer without a rebound.
17:41 of 3rd period - Joakim Nordstrom wins face-off versus Elias Lindholm in Kings zone.
18:01 of 3rd period - Sean Bergenheim is hit by Robyn Regehr and loses puck.
18:50 of 3rd period - Shot by Seth Jones.
18:50 of 3rd period - Stopped by Ray Emery with a rebound.
19:54 of 3rd period - Icing by Jordan Staal.
19:55 of 3rd period - Mark Scheifele wins face-off versus Jordan Staal in Jets zone.
19:58 of 3rd period - Shot by Dany Heatley.
19:58 of 3rd period - Shot Blocked by Jordan Staal.
Goals for this period are 1 for Jets vs 0 for Kings.
Shots for this period are 12 for Jets vs 5 for Kings.


Output by the SimonT Hockey Simulator (STHS) for Mathias Vaigur -- Original Page W3C XHTML 1.0 Valid
Hockey Simulator - Hockey Simulation - Hockey Manager